 Dungeon Crawl Stone Soup version 0.23-a0-607-g760965b7 (webtiles) character file.

71 zishaf the Covered (level 4, -2/42 HPs)
             Began as a Deep Dwarf Fighter on Dec 20, 2018.
             Slain by an orc priest
             ... wielding a +0 war axe of electrocution
              (8 damage)
             ... on level 2 of the Dungeon.
             The game lasted 00:02:49 (1667 turns).

zishaf the Covered (Deep Dwarf Fighter)             Turns: 1667, Time: 00:02:49

Health: -2/42      AC:  7    Str: 21    XL:     4   Next: 5%
Magic:  4/4        EV:  7    Int:  8    God:
Gold:   118        SH:  9    Dex: 12    Spells: 3/3 levels left

rFire    . . .     SeeInvis .   a - +0 war axe
rCold    . . .     Gourm    .   c - +0 shield
rNeg     . . .     Faith    .   k - +0 scale mail
rPois    .         Spirit   .   (no helmet)
rElec    .         Reflect  .   (no cloak)
rCorr    .         Harm     .   (no gloves)
MR       .....                  (no boots)
Stlth    ..........             (no amulet)
HPRegen  0.00/turn              (no ring)
MPRegen  0.09/turn              (no ring)

@: lethally poisoned (-2 -> -2), non-regenerating
A: damage resistance, heal wounds, sense surroundings 1, no regeneration
a: Heal Wounds


You were on level 2 of the Dungeon.
You were hungry.

You visited 1 branch of the dungeon, and saw 3 of its levels.

You collected 118 gold pieces.

Inventory:

Hand Weapons
 a - a +0 war axe (weapon)
 b - a +0 hunting sling
Missiles
 o - 9 stones (quivered)
Armour
 c - a +0 shield (worn)
 k - a +0 scale mail (worn)
Scrolls
 e - 2 scrolls of random uselessness {unknown}
 g - a scroll of remove curse {unknown}
 h - 2 scrolls of noise {unknown}
 i - 3 scrolls of identify {unknown}
 n - 2 scrolls of blinking {unknown}
 r - a scroll of teleportation {unknown}
Potions
 d - a potion of might
 j - a potion of lignification {unknown}
 l - a potion of brilliance {unknown}
 p - a potion of heal wounds {unknown}
 q - a potion of degeneration {unknown}
Comestibles
 f - a ration
 m - 3 chunks of flesh


   Skills:
 + Level 3.2 Fighting
 + Level 3.0 Axes
 + Level 4.0 Armour
 + Level 3.9 Shields


You had 3 spell levels left.
You didn't know any spells.
Your spell library was empty.

Dungeon Overview and Level Annotations

Branches:
Dungeon (3/15)

Altars:
Makhleb


Innate Abilities, Weirdness & Mutations

You are resistant to damage.
You can heal yourself by infusing magical energy.
You passively map a small area around you.
You do not regenerate.


Message History

You hit the orc. You barely miss the orc. You block the orc priest's attack.
You block the orc's attack. x2
The orc priest hits you with a +0 war axe of electrocution.
You slash the orc priest!
The orc priest is almost dead.
You barely miss the orc. You slash the orc!
You kill the orc!
Your Armour skill increases to level 4!
You block the orc's attack.
The orc priest hits you with a +0 war axe of electrocution.
* * * LOW HITPOINT WARNING * * *
You block the orc's attack.
You hit the orc priest.
The orc priest is almost dead.
You closely miss the orc. The orc hits you with a +0 club.
* * * LOW HITPOINT WARNING * * *
The orc priest hits you with a +0 war axe of electrocution.
* * * LOW HITPOINT WARNING * * *
You are electrocuted!
You die...

#.#................# #)
###.##.#.####..#####.#
#. #........# #.##
#.#######. #.####.###
#.# #......... #.####.#
###.### ##......##
#.#....# #.....#
#.##.#.# ##.#.##.#
#.....# #.##.#.#
#.......# #o....#
#....#.# #>...<..#
#.@o..# #.####.#
#.##.##.# #..)..#
#.####.# #.##.##.#
###########......#
#.##.##.# ##...##.######
#.##.##.# ##.###.#.#
#.......# ##.##.....#
#......## ####.###.###.#
#.##.#.# #........# #.#
#.##.#.####.##.#######.#


You could see an orc priest and an orc.

Vanquished Creatures
  Jessica (D:2)
  An adder (D:2)
  A dart slug (D:2)
  A leopard gecko (D:1)
  An orc (D:2)
  2 giant cockroaches
  A goblin (D:1)
  2 hobgoblins
  4 jackals
  A quokka (D:2)
  4 bats
  2 frilled lizards (D:1)
  5 kobolds
  8 rats
  A fungus (D:1)
35 creatures vanquished.

Notes
Turn   | Place    | Note
-------+----------+-------------------------------------------
     0 | D:1      | zishaf the Deep Dwarf Fighter began the quest for the Orb.
     0 | D:1      | Reached XP level 1. HP: 20/20 MP: 1/1
   277 | D:1      | Reached XP level 2. HP: 18/27 MP: 2/2
   908 | D:2      | Noticed Jessica
   911 | D:2      | Killed Jessica
   911 | D:2      | Reached XP level 3. HP: 23/34 MP: 3/3
  1488 | D:2      | Reached XP level 4. HP: 29/42 MP: 4/4
  1657 | D:3      | Found a burning altar of Makhleb.
  1666 | D:2      | Reached skill level 4 in Armour
  1667 | D:2      | Slain by an orc priest

Vault maps used:
D:1:      onia_arrival_mini_maze
D:2:      chequers_decorated_corner, uniq_jessica
D:3:      lemuel_crystal_altar, first_ration, kennysheep_orc_chapel

Skill      XL: |  1  2  3  4 |
---------------+-------------+-----
Fighting       | 3 |  3.2
Axes           | 3 |  3.0
Armour         | 4 |  4.0
Shields        | |  3.9

Action                   |  1- 3 |  4- 6 || total
-------------------------+-------+-------++-------
Melee: War axe           |    88 |     8 ||    96
 Fire: Hunting sling     |    21 |       ||    21
  Eat: Chunk             |     2 |       ||     2
Armor: Scale mail        |    34 |     2 ||    36
Dodge: Dodged            |    35 |     3 ||    38
Block: Shield            |    57 |    18 ||    75

Table legend:
 A = Non-vault XP
 B = Vault XP
 C = Vault XP percentage of total XP
 D = Non-vault monster count
 E = Vault monster count
 F = Vault count percentage of total count
                 A         B        C        D         E       F
            +---------+---------+-------+---------+---------+-------
      Total |      64 |      38 |  37.3 |      32 |       2 |   5.9
            +---------+---------+-------+---------+---------+-------
        D:1 |      23 |       1 |   4.2 |      15 |       1 |   6.2
        D:2 |      40 |      37 |  48.1 |      16 |       1 |   5.9
        D:3 |       1 |       0 |   0.0 |       1 |       0 |   0.0
            +---------+---------+-------+---------+---------+-------
